 Dungeon Crawl Stone Soup version 0.21.1-1-g345015fe64 (webtiles) character file.

66 Holzbalken the Chiller (level 4, -1/30 HPs)
             Began as a Merfolk Ice Elementalist on July 11, 2018.
             Slain by brujo666's ghost (4 damage)
             ... on level 3 of the Dungeon.
             The game lasted 00:11:48 (2576 turns).

Holzbalken the Chiller (Merfolk Ice Elementalist)   Turns: 2576, Time: 00:11:48

Health: -1/30      AC:  4    Str:  8    XL:     4   Next: 15%
Magic:  1/8        EV: 12    Int: 14    God:
Gold:   98         SH:  0    Dex: 15    Spells: 4/8 levels left

rFire    . . .     SeeInvis .   f - -2 spear
rCold    . . .     Gourm    .   (no shield)
rNeg     . . .     Faith    .   g - +0 leather armour
rPois    .         Spirit   .   (no helmet)
rElec    .         Reflect  .   (no cloak)
rCorr    .         Harm     .   (no gloves)
MR       .....                  k - +0 pair of boots
Stlth    ++........             (no amulet)
HPRegen  0.10/turn              (no ring)
MPRegen  0.11/turn              (no ring)

@: very slightly contaminated
A: change form in water, swift swim, stealthy swim
a: no special abilities


You were on level 3 of the Dungeon.
You were not hungry.

You visited 1 branch of the dungeon, and saw 3 of its levels.

You collected 98 gold pieces.

Inventory:

Hand Weapons
 f - a -2 spear (weapon)
Armour
 a - a +0 robe
 g - a +0 leather armour (worn)
 k - a +0 pair of boots (worn)
Scrolls
 d - 3 scrolls of remove curse
 h - 2 scrolls of identify {unknown}
 i - a scroll of fog {unknown}
 j - a scroll of immolation {unknown}
 l - 2 scrolls of fear {unknown}
Potions
 e - 2 potions of heal wounds {unknown}
Books
 b - a book of Frost

   Spells                             Type                      Level
   a - Freeze                         Ice                          1
   b - Throw Frost                    Conjuration/Ice              2
   c - Ozocubu's Armour               Charms/Ice                   3
   d - Throw Icicle                   Conjuration/Ice              4
   e - Summon Ice Beast               Ice/Summoning                4
Comestibles
 c - 3 rations


   Skills:
 + Level 2.7 Polearms
 - Level 2.7 Dodging
 - Level 2.2 Stealth
 + Level 2.7 Spellcasting
   Level 0.7 Conjurations
 + Level 0.1 Charms
 + Level 4.1 Ice Magic


You had 4 spell levels left.
You knew the following spells:

 Your Spells              Type           Power        Failure   Level  Hunger
a - Freeze                Ice            ##..         6%          1    #......
b - Ozocubu's Armour      Chrm/Ice       #.......     36%         3    ###....


Dungeon Overview and Level Annotations

Branches:
Dungeon (3/15)

Altars:

Annotations:
D:3 brujo666's ghost, amateur DgFi


Message History

Aim: brujo666's ghost (heavily damaged)
You freeze brujo666's ghost.
Brujo666's ghost resists.
Brujo666's ghost is heavily damaged.
Brujo666's ghost barely misses you.
Casting: Freeze
Confirm with . or Enter, or press ? or * to list all spells.
Aiming: Freeze
Press: ? - help, Shift-Dir - straight line, f/p - brujo666's ghost
Aim: brujo666's ghost (heavily damaged)
You freeze brujo666's ghost.
Brujo666's ghost resists.
Brujo666's ghost is heavily damaged.
Brujo666's ghost hits you!
* * * LOW HITPOINT WARNING * * *
Attack whom?
Press: ? - help, Dir - move target cursor, f/p - brujo666's ghost
Aim: brujo666's ghost (heavily damaged)
You barely miss brujo666's ghost.
Brujo666's ghost is heavily damaged.
Brujo666's ghost hits you.
You die...

#### ##### #..
......#.####
#...oW.##.#.##
#...##@.......
.......#####.#.##
......#.# #
##.#..#..
......### ##.#.
#.#.


You could see brujo666's ghost and an orc.

Vanquished Creatures
  2 adders (D:2)
  3 worms (D:2)
  A dart slug (D:2)
  2 giant cockroaches (D:1)
  4 goblins
  7 hobgoblins
  2 jackals (D:2)
  3 kobolds
  2 ball pythons (D:2)
  6 bats
  5 frilled lizards
  3 rats (D:2)
40 creatures vanquished.

Notes
Turn   | Place    | Note
-------+----------+-------------------------------------------
     0 | D:1      | Holzbalken the Merfolk Ice Elementalist began the quest for the Orb.
     0 | D:1      | Reached XP level 1. HP: 13/13 MP: 3/3
   304 | D:1      | Reached XP level 2. HP: 14/19 MP: 0/5
   469 | D:1      | Reached skill level 1 in Polearms
  1073 | D:2      | Reached XP level 3. HP: 19/24 MP: 0/6
  1479 | D:2      | HP: 1/24 [worm (2)]
  1849 | D:2      | Reached skill level 4 in Ice Magic
  2190 | D:2      | Reached XP level 4. HP: 26/30 MP: 3/8
  2276 | D:2      | Learned a level 3 spell: Ozocubu's Armour
  2555 | D:3      | Noticed brujo666's ghost (amateur DgFi)
  2576 | D:3      | Slain by brujo666's ghost

Skill      XL: |  1  2  3 |
---------------+----------+-----
Polearms       | 1 2 |  2.7
Ice Magic      | 4 |  4.1
Dodging        | |  2.7
Stealth        | |  2.2
Spellcasting   | |  2.7
Conjurations   | |  0.7
Charms         | |  0.1

Action                   |  1- 3 |  4- 6 || total
-------------------------+-------+-------++-------
Melee: Spear             |    96 |     7 ||   103
       Unarmed           |     1 |       ||     1
 Cast: Freeze            |    43 |    21 ||    64
  Use: Scroll            |     1 |       ||     1
       Potion            |     3 |       ||     3
 Stab: Sleeping          |     2 |     1 ||     3
  Eat: Chunk             |     5 |     1 ||     6
Armor: Leather armour    |    13 |       ||    13
       Robe              |     1 |       ||     1
Dodge: Dodged            |    57 |     9 ||    66
